 Dungeon Crawl Stone Soup version 0.29-a0-477-g62b78b4225 (webtiles) character file.

Game seed: 15121323396670684529

51 Infinimo the Insei (level 3, 0/29 HPs)
             Began as a Demonspawn Monk on May 25, 2022.
             Slain by a gnoll
             ... wielding a +0 halberd
              (2 damage)
             ... on level 2 of the Dungeon.
             The game lasted 00:01:44 (2056 turns).

Infinimo the Insei (Demonspawn Monk)                Turns: 2056, Time: 00:01:45

Health: 0/29       AC:  5    Str: 11    XL:     3   Next: 57%
Magic:  3/3        EV: 13    Int: 13    God:
Gold:   44         SH:  0    Dex: 15    Spells: 2/2 levels left

rFire   . . .      SeeInvis .   j - +0 dagger (venom)
rCold   . . .      Faith    .   (no shield)
rNeg    . . .      Spirit   .   a - +0 robe
rPois   .          Reflect  .   (no helmet)
rElec   .          Harm     .   (no cloak)
rCorr   .          Rampage  .   (no gloves)
Will    .....                   (no boots)
Stlth   ++........              (no amulet)
HPRegen 0.09/turn               (no ring)
MPRegen 0.08/turn               (no ring)

@: no status effects
A: molten scales 2
a: no special abilities


You were on level 2 of the Dungeon.
You visited 1 branch of the dungeon, and saw 2 of its levels.

You collected 44 gold pieces.

Inventory:

Hand Weapons
 j - a +0 dagger of venom (weapon)
Armour
 a - a +0 robe (worn)
Jewellery
 g - a ring of magical power
Scrolls
 c - a scroll of enchant weapon {unknown}
 d - a scroll of immolation {unknown}
 e - a scroll of fear {unknown}
 f - a scroll of noise {unknown}
 h - a scroll of identify {unknown}
 i - a scroll of brand weapon {unknown}
Potions
 b - a potion of ambrosia


   Skills:
 + Level 3.4 Fighting
 + Level 3.1 Dodging
 - Level 1.7 Stealth
 * Level 3.5 Unarmed Combat


You had 2 spell levels left.
You didn't know any spells.
Your spell library contained the following spells:

 Spells                   Type           Power      Damage    Failure   Level
 Slow                     Hex            0%         N/A       30%         1
 Confusing Touch          Hex            0%         N/A       67%         3
 Dazzling Flash           Conj/Hex       0%         N/A       67%         3
 Vampiric Draining        Necr           0%         2d6       67%         3
 Iskenderun's Mystic Bla  Conj/Tloc      0%         2d3       97%         4
 Starburst                Conj/Fire      0%         6d3       100%        6


Dungeon Overview and Level Annotations

Branches:
Dungeon (2/15)

Altars:


Innate Abilities, Weirdness & Mutations

You are mostly covered in molten scales. (AC +3)


Message History

The gnoll is moderately wounded.
The gnoll is heavily wounded.
The gnoll is poisoned.
The gnoll is heavily wounded.
The gnoll is severely wounded.
The gnoll hits you with a +0 spear.
The gnoll looks as sick as possible!
The gnoll is almost dead.
You kill the gnoll!
No target in view!
You start resting.
HP restored.
You see here a +0 spear.
There is a stone staircase leading down here.
You climb downwards.
There is a stone staircase leading up here.
You climb upwards.
There is a stone staircase leading down here.
The goblin hits you with a +0 club.
The goblin is poisoned.
The goblin is heavily wounded.
The goblin is heavily wounded.
You kill the goblin!
No target in view!
You climb downwards.
There is a stone staircase leading up here.
A gnoll is nearby!
You start resting.
A gnoll is nearby!
The gnoll zaps a wand.
There is a stone staircase leading up here.
The gnoll zaps a wand.
The puff of flame hits you!
The gnoll is poisoned.
The gnoll is lightly wounded.
The gnoll is heavily wounded.
The gnoll hits you with a +0 halberd!
Ouch! That really hurt!
* * * LOW HITPOINT WARNING * * *
The gnoll attacks as you move away! The gnoll hits you with a +0 halberd.
You die...

#######....>...
########...g....# #.#
...........###..####.##
.#######.#.# #..>g.....
###.#.# #.#####.#.
#.....# #.#####.#.
##.#.#.# #.......#.
#..g.#.# #))..###g.
#.@###.# ####.# #..
#......# #.# #.)
##<####.# #.# #g. #..#
#.# #.# #.. #.## .# #.#
#.. .... #.# #.. ###.##
#.. #.# #.. #.# ...


You could see a gnoll (very poisoned).

Vanquished Creatures
  A gnoll (D:1)
  3 dart slugs (D:1)
  4 endoplasms
  3 goblins
  3 hobgoblins (D:1)
  3 jackals (D:1)
  2 bats (D:1)
  4 frilled lizards (D:1)
  7 kobolds
  4 rats
34 creatures vanquished.

Vanquished Creatures (others)
  5 plants (D:1)
5 creatures vanquished.

Grand Total: 39 creatures vanquished

Notes
Turn   | Place    | Note
-------+----------+-------------------------------------------
     0 | D:1      | Infinimo the Demonspawn Monk began the quest for the Orb.
     0 | D:1      | Reached XP level 1. HP: 18/18 MP: 1/1
    99 | D:1      | Found a faded altar of an unknown god.
   535 | D:1      | Gained mutation: You are partially covered in molten
                  | scales. (AC +2) [demonic ancestry]
   535 | D:1      | Reached XP level 2. HP: 20/24 MP: 2/2
  1061 | D:1      | Gained mutation: You are mostly covered in molten scales.
                  | (AC +3) [demonic ancestry]
  1061 | D:1      | Reached XP level 3. HP: 27/29 MP: 3/3
  2056 | D:2      | Slain by a gnoll

Illustrated notes

Levels and vault maps discovered:
D:1:      tarquinn_simple_flora_water_a, layout_basic, basic_ecumenical_altar,
          lexackson_kobold_supper
D:2:      layout_loops_ring

Skill      XL: |  1  2 |
---------------+-------+-----
Unarmed Combat | 3 |  3.5
Dodging        | 3 |  3.1
Fighting       | |  3.4
Stealth        | |  1.7

Action                   || total
-------------------------++-------
Melee: Unarmed           ||   101
       Punch             ||     2
       Dagger            ||    22
 Stab: Sleeping          ||     4
Armor: Robe              ||    30
Dodge: Dodged            ||    65

Table legend: (Time is in decaauts)
 A = Elapsed time spent in this place.
 B = Non-inter-level travel time spent in this place.
 C = Inter-level travel time spent in this place.
 D = Time resting spent in this place.
 E = Time spent auto-exploring this place.
 F = Levels seen in this place.
 G = Mean time per level.
                   A        B        C        D        E       F      G
               +--------+--------+--------+--------+--------+-----+--------+
         Total |   2051 |   2027 |     24 |    385 |   1373 |   2 | 1025.5 |
       Dungeon |   2051 |   2027 |     24 |    385 |   1373 |   2 | 1025.5 |
               +--------+--------+--------+--------+--------+-----+--------+

Top non-repeatable levels by time:
     D:1: 1663 daAuts
     D:2: 387 daAuts
